 Seeded DCSS version 0.29.1-15-g9cfb28693d (webtiles) character file.

Game seed: 16812088435827037613 (custom seed)

76 IndexError the Firebug (level 4, -29/27 HPs)
             Began as an Octopode Fire Elementalist on May 2, 2023.
             Annihilated by an ogre
             ... wielding a +0 giant club
              (30 damage)
             ... on level 4 of the Dungeon.
             The game lasted 00:03:47 (2093 turns).

IndexError the Firebug (Octopode Fire Elementalist) Turns: 2093, Time: 00:03:48

Health: -29/27     AC:  1    Str:  7    XL:     4   Next: 32%
Magic:  0/7        EV: 13    Int: 19    God:
Gold:   83         SH:  0    Dex: 18    Spells: 1/7 levels left

rFire   . . .      SeeInvis .   h - +4 mace
rCold   . . .      Faith    .   (no shield)
rNeg    . . .      Spirit   .   (helmet restricted)
rPois   .          Reflect  .   (no amulet)
rElec   .          Harm     .   c - +6 ring of dexterity
rCorr   .          Rampage  .   (no ring)
Will    .....                   (no ring)
Stlth   +++.......              (no ring)
HPRegen 0.09/turn               (no ring)
MPRegen 0.10/turn               (no ring)
                                (no ring)
                                (no ring)

@: no status effects
A: almost no armour, amphibious, 8 rings, camouflage 1, gelatinous body 1,
(nimble swimmer 1), tentacles
a: no special abilities


You were on level 4 of the Dungeon.
You visited 1 branch of the dungeon, and saw 3 of its levels.

You collected 83 gold pieces.

Inventory:

Hand Weapons
 h - a +4 mace (weapon)
   (You found it on level 1 of the Dungeon)
Jewellery
 c - a +6 ring of dexterity (left tentacle)
   (You found it on level 1 of the Dungeon)
Scrolls
 d - a scroll of blinking {unknown}
 e - a scroll of poison {unknown}
 f - a scroll of noise {unknown}
 i - a scroll of teleportation {unknown}
 j - 3 scrolls of identify {unknown}
 l - a scroll of amnesia {unknown}
 m - a scroll of brand weapon {unknown}
Potions
 a - a potion of magic
 b - 2 potions of lignification {unknown}
 g - a potion of attraction {unknown}
 k - a potion of ambrosia {unknown}


   Skills:
 - Level 2.0 Dodging
 - Level 2.6 Stealth
 - Level 2.0 Spellcasting
 + Level 2.8 Conjurations
 + Level 4.1 Fire Magic


You had one spell level left.
You knew the following spells:

 Your Spells              Type           Power      Damage    Failure   Level
a - Foxfire               Conj/Fire      60%        2x1d7     4%          1
b - Scorch                Fire           34%        2d6       4%          2
c - Conjure Flame         Conj/Fire      15%        6-21      12%         3

Your spell library contained the following spells:

 Spells                   Type           Power      Damage    Failure   Level
 Summon Small Mammal      Summ           4%         N/A       17%         1
 Inner Flame              Hex/Fire       9%         N/A       22%         3
 Flame Wave               Conj/Fire      15%        2d7       36%         4
 Call Canine Familiar     Summ           1%         N/A       45%         3
 Summon Guardian Golem    Hex/Summ       1%         N/A       45%         3


Dungeon Overview and Level Annotations

Branches:
Dungeon (2/15)

Altars:

Shops:
D:1 [


Innate Abilities, Weirdness & Mutations

You cannot wear most types of armour.
You are amphibious.
You can wear up to eight rings at the same time.
Your skin changes colour to match your surroundings (Stealth+).
Your rubbery body absorbs attacks. (AC +1, EV +1)
((You are camouflaged when in or above water. (Stealth+)))
You have tentacles for arms and can constrict up to eight enemies at once.


Message History

You now have 3/6 mp.
There are no items here.
Casting: Foxfire (safe; 4% risk of failure)
Confirm with . or Enter, or press ? or * to list all spells.
You miscast Foxfire.
You are very lightly contaminated with residual magic.
Nothing appears to happen.
The foxfire hits Natasha.
The foxfire hits Natasha but does no damage.
You now have 2/6 mp.
Casting: Foxfire (safe; 4% risk of failure)
Confirm with . or Enter, or press ? or * to list all spells.
You conjure some foxfire!
You now have 1/6 mp.
The foxfire hits Natasha. x2
Natasha screams in fury as she dies!
Your Fire Magic skill increases to level 4!
You have reached level 4!
Health restored: 27 Your magical contamination has completely faded away.
You now have 32 gold pieces (gained 9).
You see here a frilled lizard skeleton.
A ball python comes into view.
MP restored: 7
Casting: Foxfire (safe; 4% risk of failure)
Confirm with . or Enter, or press ? or * to list all spells.
You conjure some foxfire!
You now have 6/7 mp.
The foxfire hits the ball python.
You now have 40 gold pieces (gained 8).
You see here a ball python corpse.
You see here a frilled lizard skeleton.
You see here a frilled lizard skeleton.
Things that are here:
a +0 dagger; a ball python skeleton; a goblin skeleton As you open the door, it creaks loudly!
You hear a shout!
There is an open door here.
A hobgoblin comes into view.
An adder comes into view.
MP restored: 7
Casting: Foxfire (safe; 4% risk of failure)
Confirm with . or Enter, or press ? or * to list all spells.
You conjure some foxfire!
The foxfire hits the hobgoblin.
You now have 6/7 mp.
Casting: Foxfire (safe; 4% risk of failure)
Confirm with . or Enter, or press ? or * to list all spells.
You conjure some foxfire!
The foxfire hits the hobgoblin.
You now have 5/7 mp.
Casting: Foxfire (safe; 4% risk of failure)
Confirm with . or Enter, or press ? or * to list all spells.
You conjure some foxfire!
The foxfire hits the hobgoblin. x2
You now have 4/7 mp.
Casting: Foxfire (safe; 4% risk of failure)
Confirm with . or Enter, or press ? or * to list all spells.
You conjure some foxfire!
You now have 3/7 mp.
Casting: Foxfire (safe; 4% risk of failure)
Confirm with . or Enter, or press ? or * to list all spells.
You conjure some foxfire!
The foxfire hits the adder. x2
You now have 2/7 mp.
You see here an adder corpse.
Saving game... please wait.
Bad channel name for runrest: 'Jiyva says: Divide and consume' Welcome back, IndexError the Octopode Fire Elementalist.
Game seed: 16812088435827037613 (custom seed) Press ? for a list of commands and other information.
Magic restored.
You see here a +3 spear.
MP restored: 7 A sourceless malevolence fills the Dungeon...
You fall into a shaft and drop 2 floors!
The shaft crumbles and collapses.
You now have 58 gold pieces (gained 18).
m - a scroll labelled MAUPICR BYNK You now have 68 gold pieces (gained 10).
You now have 83 gold pieces (gained 15).
Found a stone staircase leading down.
An ogre comes into view. It is wielding a +0 giant club.
Found a sapphire potion.
Found a stone staircase leading up.
Cast which spell? (? or * to list) Flames lash the ogre.
The ogre's fire resistance burns away.
The ogre hits you with a +0 giant club!!
Ouch! That really hurt!
* * * LOW HITPOINT WARNING * * *
You take 26 damage, and have 1/27 hp.
MASSIVE DAMAGE!!
You now have 5/7 mp.
Casting: Scorch (safe; 4% risk of failure)
Confirm with . or Enter, or press ? or * to list all spells.
Flames lash the ogre.
The ogre is burned terribly!
You now have 3/7 mp.
Casting: Scorch (safe; 4% risk of failure)
Confirm with . or Enter, or press ? or * to list all spells.
Flames lash the ogre.
The ogre is burned terribly!
The ogre misses you.
You now have 1/7 mp.
Casting: Scorch (safe; 4% risk of failure)
Confirm with . or Enter, or press ? or * to list all spells.
You don't have enough magic to cast this spell.
Casting: Scorch (safe; 4% risk of failure)
Confirm with . or Enter, or press ? or * to list all spells.
You conjure some foxfire!
The ogre hits you with a +0 giant club!!
Ouch! That really hurt!
You die...

.! #..>....#
...#........
..(#.<......
...........##
....... ....
..?.. ..#
#.O###.### #.#
#.@v...(##.#.#
#.#
#.v...........
#.#
#####.##......
#.# ##.##
..... #.#
#...# ....
#.## #...# ...
###..####
#...# ..
#.......#
##...# .
#.......####
#..###


You could see an ogre (combustible, ally target).

Vanquished Creatures
  Natasha (D:2)
  An adder (D:2)
  A worm (D:2)
  A dart slug (D:2)
  2 giant cockroaches (D:1)
  9 goblins
  6 hobgoblins
  2 kobolds (D:1)
  3 quokkas
  3 ball pythons
  3 bats
  A frilled lizard (D:2)
  A rat (D:1)
34 creatures vanquished.

Vanquished Creatures (others)
  92 foxfires
92 creatures vanquished.

Grand Total: 126 creatures vanquished

Notes
Turn   | Place    | Note
-------+----------+-------------------------------------------
     0 | D:1      | IndexError the Octopode Fire Elementalist began the quest
                  | for the Orb.
     0 | D:1      | Reached XP level 1. HP: 11/11 MP: 3/3
   265 | D:1      | Reached XP level 2. HP: 9/17 MP: 1/5
   778 | D:1      | Found Tifises's Antique Armour Emporium.
   790 | D:1      | Reached skill level 2 in Conjurations
   986 | D:1      | Reached XP level 3. HP: 21/21 MP: 3/6
  1792 | D:2      | Noticed Natasha
  1797 | D:2      | Learned a level 2 spell: Scorch
  1801 | D:2      | Learned a level 3 spell: Conjure Flame
  1809 | D:2      | Killed Natasha
  1810 | D:2      | Reached skill level 4 in Fire Magic
  1810 | D:2      | Reached XP level 4. HP: 27/27 MP: 1/7
  2018 | D:2      | You fall into a shaft and drop 2 floors!
  2089 | D:4      | Noticed an ogre
  2090 | D:4      | HP: 1/27 [ogre/+0 giant club (26)]
  2093 | D:4      | Annihilated by an ogre

Illustrated notes

Levels and vault maps discovered:
D:1:      sevenhm_arrival_forest_fort_large_2, layout_loops_corners,
          serial_shops, shop, minivault_27
D:2:      layout_basic, uniq_natasha
D:4:      layout_rooms, minmay_temple_entry_arrows,
          chequers_serial_rivers_marsh, hangedman_feature_mirror

Skill      XL: |  1  2  3 |
---------------+----------+-----
Conjurations   | 2 |  2.8
Fire Magic     | 4 |  4.1
Dodging        | |  2.0
Stealth        | |  2.6
Spellcasting   | |  2.0

Action                   |  1- 3 |  4- 6 || total
-------------------------+-------+-------++-------
Melee: Dagger            |     6 |       ||     6
       Constrict         |     5 |       ||     5
       Tentacles         |     4 |       ||     4
       Mace              |    10 |       ||    10
 Cast: Foxfire           |    50 |     7 ||    57
       Scorch            |       |     3 ||     3
 Stab: Sleeping          |     2 |       ||     2
Armor: Skin              |     3 |       ||     3
Dodge: Dodged            |    14 |     1 ||    15

Table legend: (Time is in decaauts)
 A = Elapsed time spent in this place.
 B = Non-inter-level travel time spent in this place.
 C = Inter-level travel time spent in this place.
 D = Time resting spent in this place.
 E = Time spent auto-exploring this place.
 F = Levels seen in this place.
 G = Mean time per level.
                   A        B        C        D        E       F      G
               +--------+--------+--------+--------+--------+-----+--------+
         Total |   2095 |   1933 |    162 |      0 |   1688 |   3 |  698.3 |
       Dungeon |   2095 |   1933 |    162 |      0 |   1688 |   3 |  698.3 |
               +--------+--------+--------+--------+--------+-----+--------+

Top non-repeatable levels by time:
     D:1: 1540 daAuts
     D:2: 480 daAuts
     D:4: 74 daAuts

Table legend:
 A = Kills in this place as a percentage of kills in entire the game.
 B = Kills by you in this place as a percentage of kills by you in the entire game.
 C = Kills by friends in this place as a percentage of kills by friends in the entire game.
 D = Other kills in this place as a percentage of other kills in the entire game.
 E = Experience gained in this place as a percentage of experience gained in the entire game.
 F = Experience gained in this place divided by the number of levels of this place that you have seen.
                   A       B       C       D       E      F
               +-------+-------+-------+-------+-------+----------------------
         Total | 100.0 | 100.0 |   N/A |   N/A | 100.0 |  36.3
       Dungeon | 100.0 | 100.0 |   N/A |   N/A | 100.0 |  36.3
               +-------+-------+-------+-------+-------+----------------------
